AoeStats
← 859

Pilgrims

509933298Analyzed
4v4 RM · 4d ago on Sep 28, 2026· 53m 37s· 8 players
Game mode
Random Map
Map size
Large (8 player)
Population
200
Speed
Normal
Resources
Standard
Victory
Conquest
Starting age
Dark Age
Ending age
Imperial Age
RankedLock teamsTeams togetherTeam positionsShared explorationLock speedFull tech treeHidden civsTurbo modeCheats
Victory
Defeat
🇻🇳 Danes · Vietnam
1437
+13
🇻🇳 Chinese · Vietnam
1382
+15
🇻🇳 Wei · Vietnam
1289
+19
🇻🇳 Varangians · Vietnam
1287
+18
🇨🇳 Lithuanians · China
1396
-18
🇨🇳 Koreans · China
1392
-18
🇧🇷 Vikings · Brazil
1330
-15
🇨🇳 Persians · China
1293
-14
860
10:45 Feudal Age
14:47 Castle Age
13:44 Loom
14:21 Double-Bit Axe
18:09 Bow Saw
22:17 Horse Collar
23:24 Heavy Plow
24:24 Fletching
26:06 Wheelbarrow
25:17 Town Watch
28:09 Eupseong
28:13 Bodkin Arrow
32:05 Imperial Age
31:00 Scale Mail Armor
31:11 Forging
31:35 Hand Cart
31:30 Gold Mining
33:12 Conscription
32:16 Pikeman
32:56 Squires
32:41 Arson
32:58 Halberdier
34:58 Two-Man Saw
34:04 Bracer
35:07 Chemistry
34:28 Ballistics
34:07 Murder Holes
34:22 Masonry
36:07 Iron Casting
35:48 Chain Mail Armor
37:18 Elite Fire Lancer
37:57 Town Watch
40:07 Plate Mail Armor
40:19 Architecture
39:55 Siege Engineers
羊了个羊
5:16 Loom
12:09 Feudal Age
16:58 Castle Age
15:18 Double-Bit Axe
16:06 Horse Collar
19:07 Heavy Plow
27:48 Bow Saw
28:49 Scale Barding Armor
30:17 Forging
30:52 Bloodlines
32:00 Chain Barding Armor
33:22 Iron Casting
34:53 Wheelbarrow
40:50 Imperial Age
47:47 Imperial Age
48:15 Light Cavalry
48:56 Husbandry
49:03 Winged Hussar
859
11:47 Feudal Age
10:32 Loom
13:48 Wheelbarrow
16:40 Castle Age
16:11 Double-Bit Axe
16:14 Horse Collar
18:06 Bow Saw
18:46 Heavy Plow
24:52 Bloodlines
26:53 Hand Cart
27:48 Husbandry
29:33 Gold Mining
29:36 Stone Mining
33:00 Imperial Age
31:27 Devotion
32:05 Gold Shaft Mining
31:42 Scale Barding Armor
31:49 Forging
32:50 Cavalier
34:38 Savar
36:17 Conscription
36:23 Chain Barding Armor
36:48 Stone Shaft Mining
36:51 Crop Rotation
39:06 Plate Barding Armor
42:15 Iron Casting
45:40 Light Cavalry
46:21 Pikeman
46:47 Gambesons
47:03 Squires
47:18 Scale Mail Armor
48:36 Chain Mail Armor
48:01 Halberdier
49:50 Plate Mail Armor
50:52 Hoardings
50:29 Citadels
51:40 Fletching
52:02 Arson
dionathanbh
10:01 Loom
12:54 Feudal Age
14:21 Fletching
17:47 Castle Age
18:54 Man-at-Arms
19:35 Squires
19:21 Arson
20:14 Forging
20:06 Scale Mail Armor
20:06 Gold Mining
20:04 Double-Bit Axe
23:31 Horse Collar
27:38 Chain Mail Armor
27:59 Iron Casting
31:09 Gold Shaft Mining
32:44 Pikeman
41:51 Imperial Age
41:07 Chieftains
43:25 Elite Varangian Guard
44:40 Plate Mail Armor
45:10 Blast Furnace
43:58 Long Swordsman
44:57 Two-Handed Swordsman
47:03 Champion
Tin's
9:56 Loom
12:06 Feudal Age
20:01 Castle Age
20:27 Gold Mining
21:01 Medium Warships
21:09 Double-Bit Axe
23:20 Fishing Lines
23:47 Fletching
26:37 Stone Mining
30:13 Wheelbarrow
29:40 Horse Collar
31:30 Hand Cart
36:36 Imperial Age
37:13 Elite Varangian Guard
37:53 Squires
38:01 Scale Barding Armor
37:59 Scale Mail Armor
38:09 Forging
37:56 Gothikon
38:00 Vendel Legacy
41:01 Guard Tower
41:32 Ballistics
42:12 Chemistry
41:27 Scale Barding Armor
41:40 Chain Mail Armor
42:00 Iron Casting
42:42 Treadmill Crane
44:17 Stone Shaft Mining
44:24 Bow Saw
47:40 Two-Man Saw
48:24 Conscription
53:08 Plate Mail Armor
53:38 Blast Furnace
Ố Là La
8:10 Loom
11:32 Feudal Age
14:28 Forging
18:14 Castle Age
16:47 Double-Bit Axe
16:53 Gold Mining
16:44 Horse Collar
19:56 Bow Saw
20:22 Gold Shaft Mining
19:48 Heavy Plow
19:40 Stone Mining
23:10 Wheelbarrow
22:57 Fishing Lines
24:50 Iron Casting
26:10 Padded Archer Armor
30:56 Imperial Age
28:38 Gillnets
29:58 Scale Mail Armor
30:34 Iron Casting
29:47 Gambesons
30:04 Squires
29:50 Arson
31:12 Chain Mail Armor
31:57 Hand Cart
31:05 Elite Varangian Guard
32:07 Conscription
33:46 Blast Furnace
32:17 Hamask
33:38 Plate Mail Armor
33:13 Town Watch
45:55 Elite Jomsviking
45:56 Northmen's Fury
47:06 Fletching
47:17 Padded Archer Armor
47:57 Bodkin Arrow
48:47 Ballistics
49:28 Chemistry
49:05 Bracer
49:21 Leather Archer Armor
53:51 Ring Archer Armor
53:19 Murder Holes
TanLN
3:26 Loom
11:46 Feudal Age
12:30 Double-Bit Axe
16:24 Castle Age
16:39 Gold Mining
17:17 Medium Warships
17:59 Wheelbarrow
17:37 Bow Saw
19:56 Forging
22:19 Fishing Lines
23:25 Gold Shaft Mining
23:56 Gillnets
25:27 Ballistics
25:01 Fletching
25:13 Stone Mining
29:40 Imperial Age
28:09 Bodkin Arrow
29:05 Padded Archer Armor
29:41 Iron Casting
29:23 Thumb Ring
31:47 Stone Shaft Mining
33:03 Chemistry
32:29 Conscription
33:35 Elite Chu Ko Nu
35:05 Bracer
36:54 Hand Cart
36:24 Town Watch
37:34 Leather Archer Armor
38:49 Ring Archer Armor
41:47 Capped Ram
43:19 Siege Ram
Phu Thuy
10:40 Feudal Age
11:43 Loom
14:39 Castle Age
12:47 Double-Bit Axe
12:46 Fishing Lines
14:37 Town Watch
14:35 Horse Collar
14:48 Gold Mining
16:56 Bow Saw
21:17 Heavy Plow
22:51 Wheelbarrow
22:14 Stone Mining
23:01 Gold Shaft Mining
24:37 Hand Cart
25:21 Scale Barding Armor
27:01 Chain Barding Armor
30:28 Imperial Age
27:58 Gillnets
28:41 Forging
29:35 Stone Shaft Mining
29:48 Masonry
29:53 Fortified Wall
32:49 Iron Casting
32:57 Bloodlines
32:47 Husbandry
33:43 Hoardings
33:07 Murder Holes
33:24 Masonry
32:55 Treadmill Crane
34:57 Blast Furnace
33:21 Heavy Hei Guang Cavalry
34:30 Ming Guang Armor
34:26 Conscription
34:44 Ballistics
35:25 Chemistry
39:30 Fletching
39:55 Tuntian
40:29 Town Patrol
40:25 Bodkin Arrow
41:05 Crop Rotation
41:23 Bracer
42:08 Padded Archer Armor
41:41 Capped Ram
42:25 Elite Tiger Cavalry
43:05 Siege Ram
44:33 Leather Archer Armor
44:45 Scale Mail Armor
49:55 Ring Archer Armor
49:41 Chain Mail Armor
Connection lost

Rejoining the realm…

Still unreachable

The connection could not be restored.

Session expired

The server has moved on; the page needs a fresh start.